 Dungeon Crawl Stone Soup version 0.22-a0-247-gbddf880 (webtiles) character file.

172 Amnesiac the Charlatan (level 5, -2/30 HPs)
             Began as a Deep Elf Artificer on Feb 24, 2018.
             Slain by a worker ant (3 damage)
             ... on level 4 of the Dungeon.
             The game lasted 00:04:29 (1426 turns).

Amnesiac the Charlatan (Deep Elf Artificer)         Turns: 1426, Time: 00:04:30

Health: -2/30      AC:  3    Str: 16    XL:     5   Next: 27%
Magic:  10/10      EV: 12    Int: 16    God:
Gold:   104        SH:  0    Dex: 15    Spells: 4/4 levels left

rFire    . . .     SeeInvis +   a - +0 short sword
rCold    . . .     Gourm    .   (no shield)
rNeg     . . .     Faith    .   b - +0 leather armour
rPois    .         Spirit   .   (no helmet)
rElec    .         Reflect  .   (no cloak)
rCorr    .         Harm     .   (no gloves)
MR       .....                  (no boots)
Stlth    ++........             (no amulet)
HPRegen  0.10/turn              h - ring of see invisible
MPRegen  0.12/turn              p - +6 ring of strength

@: lethally poisoned (-2 -> -6), flying
A: mutation resistance 1
a: no special abilities


You were on level 4 of the Dungeon.
You were not hungry.

You visited 1 branch of the dungeon, and saw 4 of its levels.

You collected 104 gold pieces.

Inventory:

Hand Weapons
 a - a +0 short sword (weapon)
Missiles
 i - 3 stones (quivered)
 k - 37 sling bullets
Armour
 b - a +0 leather armour (worn)
Jewellery
 h - a ring of see invisible (left hand)
 p - a +6 ring of strength (right hand)
Wands
 c - a wand of flame (8)
 d - a wand of enslavement (15)
Scrolls
 l - 3 scrolls of random uselessness {!r, unknown}
 m - a scroll of teleportation {!r, unknown}
 n - a scroll of identify {!r, unknown}
 r - a scroll of immolation {!r, unknown}
 s - 2 scrolls of amnesia {!r, unknown}
Potions
 o - a potion of might {!q}
 q - a potion of degeneration {!q, unknown}
 t - a potion of curing {!q, unknown}
Comestibles
 f - 6 rations
 u - 7 chunks of flesh


   Skills:
 + Level 1.8 Fighting
 - Level 2.0 Short Blades
 + Level 2.0 Armour
 - Level 2.4 Dodging
 - Level 2.1 Stealth
 * Level 4.6 Evocations


You had 4 spell levels left.
You didn't know any spells.

Dungeon Overview and Level Annotations

Branches:
Dungeon (4/15)
 Temple: D:4-7

Altars:
Trog
Uskayaw


Innate Abilities, Weirdness & Mutations

You are somewhat resistant to further mutation.


Message History

* * * LOW HITPOINT WARNING * * *
You are more poisoned.
The worker ant poisons you!
Evoke which item? (* to show all) (? for menu, Esc to quit)
Aiming: Random Effects
Press: ? - help, Shift-Dir - straight line, f/p - worker ant
Aim: a worker ant (lightly wounded, misshapen and mutated)
The worker ant seems to slow down.
* * * LOW HITPOINT WARNING * * *
You feel sick. The worker ant closely misses you.
* * * LOW HITPOINT WARNING * * *
You feel sick.
* * * LOW HITPOINT WARNING * * *
You feel sick.
* * * LOW HITPOINT WARNING * * *
You feel sick.
* * * LOW HITPOINT WARNING * * *
You feel sick.
* * * LOW HITPOINT WARNING * * *
You feel sick.
Unknown command.
Unknown command.
Unknown command.
Unknown command.
Unknown command.
* * * LOW HITPOINT WARNING * * *
You feel sick.
Evoke which item? (* to show all) (? for menu, Esc to quit)
Aiming: Random Effects
Press: ? - help, Shift-Dir - straight line, f - worker ant
Aim: a worker ant (lightly wounded, slow, misshapen and mutated)
The worker ant seems to speed up.
* * * LOW HITPOINT WARNING * * *
You feel sick.
Evoke which item? (* to show all) (? for menu, Esc to quit)
Aiming: Random Effects
Press: ? - help, Shift-Dir - straight line, f/p - worker ant
Aim: a worker ant (lightly wounded, fast+slow, misshapen and mutated)
The worker ant barely resists.
Evoke which item? (* to show all) (? for menu, Esc to quit)
Aiming: Random Effects
Press: ? - help, Shift-Dir - straight line, f/p - worker ant
Aim: a worker ant (lightly wounded, fast+slow, misshapen and mutated)
The puff of frost misses the worker ant.
Evoke which item? (* to show all) (? for menu, Esc to quit)
Aiming: Random Effects
Press: ? - help, Shift-Dir - straight line, f/p - worker ant
Aim: a worker ant (lightly wounded, fast+slow, misshapen and mutated)
The puff of flame misses the worker ant.
The now-empty wand crumbles to dust.
The worker ant bites you.
* * * LOW HITPOINT WARNING * * *
You are more poisoned.
The worker ant poisons you!
Really quaff
g - a fizzy ruby potion {!q}?
It was a potion of flight {!q}.
You feel very buoyant.
You fly up into the air.
* * * LOW HITPOINT WARNING * * *
You feel sick. The worker ant barely misses you.
Really quaff
j - a white potion {!q}?
It was a potion of mutation {!q}.
You feel extremely strange.
You feel genetically stable. The worker ant bites you.
You die...

####.....................####.###
# #........###.........## #..#
####.......####.........# #.##
#.............#.........####.#
...........##.#..............#
........#...#...........##...#
###.......#.............##.#.##
##...###....###....<....##.#..#
................@a....###..##.###
.............######...###.###....
..........#>.### ##.......##....
...............# ###.##...#....
.........#..##.# #.##.#.#....
.............#.# ##....#......
..........#..#.## #a...#.......
.###....#.#.....#####.##...#.....
.###.##...####...#.....a........#


You could see a worker ant.

Vanquished Creatures
  An ogre (D:4)
  A hound (D:4)
  A hound skeleton (D:4)
  An adder (D:4)
  An ooze (D:4)
  2 leopard geckos
  2 bats
  2 giant cockroaches (D:4)
  3 hobgoblins
  A quokka (D:4)
  A ball python (D:3)
  3 goblins (D:1)
  2 kobolds (D:1)
  A quokka skeleton (D:4)
  3 rats (D:1)
25 creatures vanquished.

Notes
Turn   | Place    | Note
-------+----------+-------------------------------------------
     0 | D:1      | Amnesiac the Deep Elf Artificer began the quest for the Orb.
     0 | D:1      | Reached XP level 1. HP: 11/11 MP: 5/5
    80 | D:1      | Reached skill level 1 in Fighting
   205 | D:1      | Reached skill level 1 in Armour
   354 | D:1      | Reached XP level 2. HP: 3/16 MP: 6/6
   655 | D:2      | Noticed a hand axe
   657 | D:2      | Found a hide-covered altar of Uskayaw.
   658 | D:2      | Noticed a hand axe
   905 | D:4      | Reached XP level 3. HP: 10/20 MP: 7/7
  1076 | D:4      | Noticed an ogre
  1230 | D:4      | Found a bloodstained altar of Trog.
  1254 | D:4      | Killed an ogre
  1254 | D:4      | Reached skill level 4 in Evocations
  1254 | D:4      | Reached XP level 4. HP: 25/26 MP: 7/9
  1254 | D:4      | Reached XP level 5. HP: 29/30 MP: 7/10
  1425 | D:4      | HP: 1/30 [poisoned by a worker ant]
  1426 | D:4      | Gained mutation: You are somewhat resistant to further mutation. [potion of mutation]
  1426 | D:4      | Slain by a worker ant

Vault maps used:
D:1:      ncdulo_watergridlock
D:2:      marbit_many_paths, lemuel_round_altar, dancing_weapons_uskayaw,
          first_ration, minmay_crystal_room
D:3:      st_stairs_13, corexii_leaking_fountain, grunt_gozag_statues
D:4:      overflow_temple_1_default

Skill      XL: |  1  2  3  4  5 |
---------------+----------------+-----
Fighting       | 1 |  1.8
Armour         | 1 2 |  2.0
Short Blades   | 2 |  2.0
Stealth        | 2 |  2.1
Evocations     | 4 |  4.6
Dodging        | |  2.4

Action                   |  1- 3 |  4- 6 || total
-------------------------+-------+-------++-------
Melee: Short sword       |    73 |    17 ||    90
Evoke: Wand              |    15 |     7 ||    22
  Use: Potion            |       |     2 ||     2
 Stab: Sleeping          |     1 |       ||     1
       Distracted        |     1 |     1 ||     2
  Eat: Chunk             |     1 |     1 ||     2
Armor: Leather armour    |    47 |       ||    47
Dodge: Dodged            |    84 |    16 ||   100

Table legend:
 A = Spawn XP
 B = Non-spawn XP
 C = Spawn XP percentage of total XP
 D = Spawn monster count
 E = Non-spawn monster count
 F = Spawn count percentage of total count
 G = Total turns spent on level
                    A         B        C        D         E        F      G
               +---------+---------+-------+---------+---------+-------+---------
         Total |       0 |     247 |   0.0 |       0 |      25 |   0.0 |  1426
               +---------+---------+-------+---------+---------+-------+---------
           D:1 |       0 |      18 |   0.0 |       0 |      11 |   0.0 |   714
           D:2 |       0 |       6 |   0.0 |       0 |       3 |   0.0 |   142
           D:3 |       0 |       1 |   0.0 |       0 |       1 |   0.0 |    37
           D:4 |       0 |     222 |   0.0 |       0 |      10 |   0.0 |   533
               +---------+---------+-------+---------+---------+-------+---------
